 Dungeon Crawl Stone Soup version 0.14-a0-1613-gd720e3e (webtiles) character file.

230 PolkaDot the Caller (level 4, -2/30 HPs)
             Began as a Vampire Summoner on Dec 24, 2013.
             Was an Initiate of Sif Muna.
             Slain by a giant gecko (3 damage)
             ... on Level 3 of the Dungeon.
             The game lasted 00:11:12 (3360 turns).

PolkaDot the Caller (Vampire Summoner)              Turns: 3360, Time: 00:11:15

HP  -2/30        AC  3     Str  7      XL: 4   Next: 85%
MP   7/16        EV 12     Int 18      God: Sif Muna [......]
Gold 103         SH  0     Dex 14      Spells:  2 memorised,  3 levels left

rFire  . . .     SeeInvis +     i - +0 short sword
rCold  . . .     Clarity  .     a - +0 robe
rNeg   + . .     Conserve .     (no shield)
rPois  .         rCorr    .     (no helmet)
rElec  .         rRot     .     (no cloak)
SustAb . .       Spirit   .     d - +0 pair of gloves
rMut   .         Warding  .     (no boots)
Saprov . . .     Stasis   .     (no amulet)
                                s - ring of see invisible {unknown}
                                q - ring of magical power

@: slightly resistant to hostile enchantments, stealthy
A: fangs 3, see invisible, unbreathing
a: Bat Form, Renounce Religion


You were on level 3 of the Dungeon.
You worshipped Sif Muna.
Sif Muna was noncommittal.
You were not thirsty.

You visited 1 branch of the dungeon, and saw 3 of its levels.

You collected 103 gold pieces.

Inventory:

Hand weapons
 i - a +0,+0 short sword (weapon)
Armour
 a - a +0 robe (worn)
 d - a +0 pair of gloves (worn)
Scrolls
 f - a scroll of enchant weapon II {unknown}
 g - a scroll of enchant armour {unknown}
 h - a scroll of curse armour {unknown}
 j - 2 scrolls of remove curse {unknown}
 k - a scroll of blinking
 m - a scroll of noise {unknown}
 o - 3 scrolls of immolation {unknown}
 p - 2 scrolls of teleportation {unknown}
 r - a scroll of curse weapon {unknown}
 t - a scroll of amnesia {unknown}
 u - a scroll of magic mapping {unknown}
Jewellery
 q - a ring of magical power (left hand)
 s - a ring of see invisible (right hand) {unknown}
Potions
 c - 4 potions of heal wounds {unknown}
 e - 2 potions of curing {unknown}
 l - a potion of cure mutation {unknown}
 n - a potion of might {unknown}
Books
 b - a book of Callings

   Spells                             Type                      Level
   *Summon Small Mammal               Summoning                    1
   Call Imp                           Summoning                    2
   *Call Canine Familiar              Summoning                    3
   Summon Scorpions                   Summoning/Poison             4
   Summon Ice Beast                   Ice/Summoning                4


   Skills:
 + Level 2.1 Short Blades
 - Level 2.1 Dodging
 - Level 3.0 Stealth
 - Level 2.0 Spellcasting
 * Level 5.8 Summonings


You had 3 spell levels left.
You knew the following spells:

 Your Spells              Type           Power        Failure   Level  Hunger
a - Summon Small Mammal   Summ           ###.         1%          1    #......
d - Call Canine Familiar  Summ           ###.......   6%          3    ####...


Dungeon Overview and Level Annotations

Branches:
Dungeon (3/16)

Altars:
Makhleb
Sif Muna


Innate Abilities, Weirdness & Mutations

You have razor-sharp teeth.*
You have supernaturally acute eyesight.
You can survive without breathing.*


Message History

The giant gecko is almost dead.
The giant gecko bites you.
* * * LOW HITPOINT WARNING * * *
You closely miss the giant gecko. Your bite misses the giant gecko.
The giant gecko is almost dead.
The orc wizard closely misses you.
The giant gecko bites you but does no damage.
The orc wizard hits you but does no damage.
Unknown command.
You barely miss the giant gecko.
The giant gecko is almost dead.
The giant gecko hisses menacingly.
The giant gecko closely misses you. The orc wizard barely misses you.
Casting: Call Canine Familiar
Confirm with . or Enter, or press ? or * to list all spells.
The orc wizard casts a spell at you. The magic dart hits you!
* * * LOW HITPOINT WARNING * * *
The giant gecko bites you.
You die...

...........)............
..#.....####.#.#.#.......
.......<..o..............
..###.....##.#.#%#.......
. #.....##.#.#.#......
#.....##.#.#.# ....
#........#.#.# # ###
#.....#..#.#o#.#.###.
............@l..<....
##.....#..#.#h#.#.###.
......#..#.#.#.# # #.# #
#.. #.. ... .... .≈≈


You could see an orc wizard, a giant gecko and a friendly hound.

Vanquished Creatures
  A hound (D:2)
  An adder (D:2)
  An ooze (D:1)
  3 bats
  A giant cockroach (D:1)
  2 hobgoblins
  A ball python (D:2)
  3 giant geckos
  3 giant newts
  8 goblins
  3 jackals (D:2)
  4 kobolds
  A rat (D:2)
32 creatures vanquished.

Vanquished Creatures (collateral kills)
  Sigmund (D:2)
  Terence (D:2)
  An adder (D:2)
  A worm (D:2)
  A giant gecko (D:2)
  3 giant cockroaches
  3 hobgoblins (D:1)
  A goblin (D:1)
  2 kobolds (D:1)
14 creatures vanquished.

Vanquished Creatures (others)
  3 hounds
  3 bats (D:2)
  2 rats
8 creatures vanquished.

Grand Total: 54 creatures vanquished

Notes
Turn   | Place    | Note
--------------------------------------------------------------
     0 | D:1      | PolkaDot, the Vampire Summoner, began the quest for the Orb.
     0 | D:1      | Reached XP level 1. HP: 13/13 MP: 3/3
   773 | D:1      | Reached XP level 2. HP: 14/19 MP: 4/4
  2126 | D:2      | Reached XP level 3. HP: 21/24 MP: 0/6
  2147 | D:2      | Reached skill level 1 in Short Blades
  2147 | D:2      | Reached skill level 5 in Summonings
  2259 | D:2      | Learned a level 3 spell: Call Canine Familiar
  2269 | D:2      | Noticed Sigmund
  2301 | D:2      | Killed Sigmund
  2301 | D:2      | Reached XP level 4. HP: 8/30 MP: 7/7
  2570 | D:2      | Found a burning altar of Makhleb.
  2629 | D:2      | Noticed Terence
  2654 | D:2      | Killed Terence
  3209 | D:3      | Found a deep blue altar of Sif Muna.
  3221 | D:3      | Became a worshipper of Sif Muna the Loreminder
  3360 | D:3      | HP: 1/30 [orc wizard/magic dart (6)]
  3360 | D:3      | Slain by a giant gecko

Action                   |  1- 3 |  4- 6 || total
-------------------------+-------+-------++-------
Melee: Unarmed           |    73 |       ||    73
       Short sword       |    37 |    83 ||   120
 Cast: Summon Small Mamm |    36 |       ||    36
       Call Canine Famil |     1 |     7 ||     8
  Use: Potion            |     1 |       ||     1
       Scroll            |     2 |       ||     2
 Stab: Sleeping          |     5 |     2 ||     7
